 Dungeon Crawl Stone Soup version 0.19.5 (webtiles) character file.

66 Jerry the Vexing (level 3, -6/24 HPs)
             Began as a Vampire Enchanter on Apr 5, 2017.
             Mangled by Lichfox's ghost (11 damage)
             ... on level 3 of the Dungeon.
             The game lasted 00:08:16 (2654 turns).

Jerry the Vexing (Vampire Enchanter)                Turns: 2654, Time: 00:08:16

Health: -6/24      AC:  4    Str:  7    XL:     3   Next: 96%
Magic:  6/6        EV: 18    Int: 18    God:
Gold:   104        SH:  0    Dex: 19    Spells: 2 memorised, 4 levels left

rFire  x . .     SeeInvis +     a - +1 dagger
rCold  + + .     Gourm    .     b - +1 robe
rNeg   + + .     Faith    .     (no shield)
rPois  +         Spirit   .     (no helmet)
rElec  .         Reflect  .     (no cloak)
rCorr  .         Harm     .     (no gloves)
MR     .....     Rnd*Tele +     p - +0 pair of boots
Stlth  +++++.....               (no amulet)
                                l - ring of ice (curse)
                                f - ring of teleportation (curse)

@: agile, flying, very slightly contaminated, regenerating slowly, hasted, very
quick
A: fangs 3, see invisible, unbreathing
a: Bat Form


You were on level 3 of the Dungeon.
You were near bloodless.

You visited 1 branch of the dungeon, and saw 3 of its levels.

You collected 104 gold pieces.

Inventory:

Hand Weapons
 a - a +1 dagger (weapon)
Armour
 b - a +1 robe (worn)
 p - a +0 pair of boots (worn)
Jewellery
 f - a cursed ring of teleportation (left hand)
 l - a cursed ring of ice (right hand)
Scrolls
 k - 4 scrolls of remove curse {unknown}
Potions
 d - 14 potions of blood
 e - 2 potions of flight
 h - a potion of cure mutation
 n - a potion of cancellation {unknown}
 o - a potion of heal wounds {unknown}
Books
 c - a book of Maledictions

   Spells                             Type                      Level
   a - Corona                         Hexes                        1
   b - Ensorcelled Hibernation        Hexes/Ice                    2
   c - Confuse                        Hexes                        3
   d - Tukima's Dance                 Hexes                        3
   e - Dazzling Spray                 Conjuration/Hexes            3


   Skills:
 + Level 2.2 Short Blades
 - Level 2.1 Dodging
 + Level 5.1 Stealth
 + Level 2.6 Spellcasting
 + Level 5.3 Hexes


You had 4 spell levels left.
You knew the following spells:

 Your Spells              Type           Power        Failure   Level  Hunger
a - Corona                Hex            ###....      1%          1    #......
b - Ensorcelled Hibernat  Hex/Ice        ###...       12%         2    ##.....


Dungeon Overview and Level Annotations

Branches:
Dungeon (3/15)

Altars:
Elyvilon
Hepliaklqana
Zin
The Shining One

Annotations:
D:3 Lichfox's ghost, amateur HuNe


Innate Abilities, Weirdness & Mutations

You heal slowly.
You have razor-sharp teeth.
You have supernaturally acute eyesight. (SInv)
You can survive without breathing.


Message History

Pain shoots through your body!
* * * LOW HITPOINT WARNING * * *
A hobgoblin comes into view. It is wielding a club.
As you read the scroll labeled ETOUCZ LEWOU, it crumbles to dust.
You hear a loud clanging noise!
It was a scroll of noise.
You hear a shout!
Lichfox's ghost wails.
Lichfox's ghost casts a spell at you. Pain shoots through your body!
* * * LOW HITPOINT WARNING * * *
It was a potion of haste.
You feel yourself speed up.
It was a potion of flight.
You feel very buoyant.
You fly up into the air.
It was a potion of cure mutation.
It has a very clean taste.
It was a potion of agility.
You feel agile all of a sudden. Lichfox's ghost hits you!
You die...

#....ยง..?......$.###
#.?......#.o.o......
#........#...o...#
#..#########....##
####...#o..##..##
##g##.##o##
##.##.##W.#
##W##.##.###
#@.###..## #### ####


You could see Lichfox's ghost, an orc and a hobgoblin (wandering).

Vanquished Creatures
  An adder (D:2)
  2 oozes
  A leopard gecko (D:1)
  An orc (D:3)
  4 bats
  2 giant cockroaches
  9 goblins
  5 hobgoblins
  5 jackals (D:1)
  4 kobolds
  A quokka (D:2)
  3 frilled lizards
  4 rats
42 creatures vanquished.

Notes
Turn   | Place    | Note
-------+----------+-------------------------------------------
     0 | D:1      | Jerry the Vampire Enchanter began the quest for the Orb.
     0 | D:1      | Reached XP level 1. HP: 13/13 MP: 3/3
    12 | D:1      | You fall through a shaft!
   177 | D:1      | Reached XP level 2. HP: 10/19 MP: 3/5
   181 | D:1      | Learned a level 2 spell: Ensorcelled Hibernation
   882 | D:1      | Reached XP level 3. HP: 23/24 MP: 1/6
   945 | D:1      | Reached skill level 5 in Hexes
  1640 | D:2      | Found a hazy altar of Hepliaklqana.
  2041 | D:2      | Reached skill level 5 in Stealth
  2090 | D:2      | Found a glowing silver altar of Zin.
  2090 | D:2      | Found a glowing golden altar of the Shining One.
  2090 | D:2      | Found a white marble altar of Elyvilon.
  2631 | D:3      | Noticed Lichfox's ghost (amateur HuNe)
  2654 | D:3      | Mangled by Lichfox's ghost

Skill      XL: |  1  2  3 |
---------------+----------+-----
Hexes          | 5 |  5.3
Short Blades   | 2 |  2.2
Stealth        | 5 |  5.1
Dodging        | |  2.1
Spellcasting   | |  2.6

Action                   || total
-------------------------++-------
Melee: Dagger            ||   120
       Bite              ||     9
 Cast: Corona            ||     5
       Ensorcelled Hiber ||    13
  Use: Potion            ||     6
       Scroll            ||     2
 Stab: Sleeping          ||    18
Armor: Robe              ||    15
Dodge: Dodged            ||    65
